 Dungeon Sprint DCSS version 0.17-a0-1368-g6ab37f2 (webtiles) character file.

1899 Kidiri the Covert (level 8, 0/34 (36) HPs)
             Began as a Spriggan Enchanter on June 11, 2015.
             Was the Champion of Dithmenos.
             Slain by an unseen horror (8 damage)
             ... in the Dungeon (Sprint VII: "The Pits").
             The game lasted 00:08:19 (2039 turns).

Kidiri the Covert (Spriggan Enchanter)              Turns: 2039, Time: 00:08:19

HP:   0/34 (36)     AC:  6    Str:  4    XL:     8   Next: 93%
MP:   14/23         EV: 31    Int: 17    God:    Dithmenos [******]
Gold: 0             SH:  0    Dex: 21    Spells: 5 memorised, 15 levels left

rFire  . . .     SeeInvis +     v - +2 rapier (venom)
rCold  . . .     Clarity  .     b - +1 robe
rNeg   . . .     SustAt   .     (shield restricted)
rPois  .         Gourm    .     (helmet restricted)
rElec  .         Spirit   .     (no cloak)
rCorr  .         Warding  .     (gloves unavailable)
rMut   .         NoTele   +     (boots unavailable)
MR     +....                    (no amulet)
Stlth  ++++++++++               r - +3 ring of dexterity
                                q - +3 ring of protection

@: wreathed by umbra, very quick, somewhat resistant to hostile enchantments,
uncannily stealthy
A: unfitting armour, see invisible, herbivore 3, speed 3, slow metabolism 2
a: Shadow Step, Shadow Form, Renounce Religion


You were in the Dungeon.
You worshipped Dithmenos.
Dithmenos was exalted by your worship.
You were not hungry.

You visited 1 branch

Inventory:

Hand weapons
 a - a +0 dagger of electrocution
 k - a +2 dagger
 v - a +2 rapier of venom (weapon)
Armour
 b - a +1 robe (worn)
Jewellery
 q - a +3 ring of protection (left hand)
 r - a +3 ring of dexterity (right hand)
Scrolls
 j - a scroll of blinking
 n - 3 scrolls of remove curse
 o - 5 scrolls of amnesia
 p - a scroll of summoning
Potions
 e - 8 potions of curing
 f - 6 potions of heal wounds
 g - a potion of haste
 h - 4 potions of magic
 i - 4 potions of berserk rage
 m - 2 potions of invisibility
 s - 2 potions of brilliance
 t - 2 potions of might
 u - a potion of agility
Books
 c - a book of Maledictions

   Spells                             Type                      Level
   a - Corona                         Hexes                        1
   b - Ensorcelled Hibernation        Hexes/Ice                    2
   c - Confuse                        Hexes                        3
   d - Tukima's Dance                 Hexes                        3
   e - Dazzling Spray                 Conjuration/Hexes            3
Comestibles
 d - 8 bread rations
 l - 40 fruits


   Skills:
 * Level 9.2 Short Blades
 * Level 12.0 Dodging
 * Level 13.0 Stealth
 * Level 10.2 Spellcasting
 + Level 3.7 Conjurations
 + Level 8.2 Hexes
 + Level 4.5 Ice Magic
 + Level 5.8 Invocations


You had 15 spell levels left.
You knew the following spells:

 Your Spells              Type           Power        Failure   Level  Hunger
a - Corona                Hex            #####..      1%          1    None
b - Ensorcelled Hibernat  Hex/Ice        ####..       1%          2    None
c - Confuse               Hex            #####...     1%          3    None
d - Tukima's Dance        Hex            #####...     1%          3    None
e - Dazzling Spray        Conj/Hex       ####....     1%          3    None


Dungeon Overview and Level Annotations

Branches:
Dungeon (1/1)

Altars:
Ashenzari
Cheibriados
Dithmenos
Elyvilon
Fedhas
Gozag
Kikubaaqudgha
Makhleb
Nemelex Xobeh
Okawaru
Qazlal
Ru
Sif Muna
Trog
Vehumet
Xom
Yredelemnul
Zin
The Shining One
Beogh
Jiyva
Lugonu


Innate Abilities, Weirdness & Mutations

You are tiny and cannot use many weapons and most armour.
You have supernaturally acute eyesight.
You are a herbivore.
You cover ground extremely quickly.
You need consume almost no food.


Message History

You barely miss the vampire mosquito.
The vampire mosquito is severely damaged.
The vampire mosquito closely misses you.
The vampire mosquito misses you.
You hit the vampire mosquito but do no damage.
The vampire mosquito is severely damaged.
Your shadow barely misses the vampire mosquito.
The vampire mosquito completely misses you.
You barely miss the vampire mosquito.
The vampire mosquito is severely damaged.
The unseen horror is no longer blind.
The vampire mosquito completely misses you.
You barely miss the vampire mosquito.
The vampire mosquito is severely damaged.
The unseen horror hits you. The vampire mosquito bites you!
* * * LOW HITPOINT WARNING * * *
The vampire mosquito draws strength from your injuries!
The vampire mosquito completely misses you.
The unseen horror hits you!
You die...

)#####+#####''#####
.##.......##''#####
)##.......##......#
[##.......##......#
###...<...###....## ##
.##.......# ##''## #..+
.##.......###....##
....#
###.......##...)..#F...#
.###########)...@.yy...+
############.....x#y...#
#....#..[[###....##
....# #....#..[[# ##++##
#..+ +....+..))###....##
## #.)..#..))##......#
#....#...)##......#
###################


You could see a spiny frog, an unseen horror (invisible) and 3 vampire
mosquitoes.

Vanquished Creatures
  A komodo dragon (D)
  A polar bear (D)
  A spriggan (D)
  A redback (D)
  A hungry ghost (D)
  A vampire mosquito (D)
  A soldier ant (D)
  A black bear (D)
  A necrophage (D)
  An ogre (D)
  2 small abominations (D)
  A big kobold (D)
  A brain worm (D)
  A scorpion (D)
  2 orc wizards (D)
  A hound (D)
  An iguana (D)
  A worker ant (D)
  A gnoll (D)
  A river rat (D)
  2 white imps (D)
  A giant eyeball (D)
  An ooze (D)
  An adder skeleton (D)
  A worm (D)
  3 orcs (D)
  3 kobolds (D)
  A giant cockroach (D)
  A giant gecko (D)
36 creatures vanquished.

Notes
Turn   | Place    | Note
--------------------------------------------------------------
     0 | D        | Kidiri the Spriggan Enchanter began the quest for the Orb.
     0 | D        | Reached XP level 1. HP: 9/9 MP: 5/5
    59 | D        | Found a sacrificial altar of Ru.
    59 | D        | Found a basalt altar of Yredelemnul.
    59 | D        | Found a shadowy altar of Dithmenos.
    59 | D        | Found a deep blue altar of Sif Muna.
    59 | D        | Found a burning altar of Makhleb.
    59 | D        | Found a shimmering altar of Xom.
    59 | D        | Found an ancient bone altar of Kikubaaqudgha.
    59 | D        | Found a sparkling altar of Nemelex Xobeh.
    60 | D        | Found a glowing golden altar of the Shining One.
    60 | D        | Found a bloodstained altar of Trog.
    60 | D        | Found a shattered altar of Ashenzari.
    60 | D        | Found a white marble altar of Elyvilon.
    60 | D        | Found a snail-covered altar of Cheibriados.
    60 | D        | Found a blossoming altar of Fedhas.
    60 | D        | Found a radiant altar of Vehumet.
    60 | D        | Found a glowing silver altar of Zin.
    60 | D        | Found a corrupted altar of Lugonu.
    60 | D        | Found a viscous altar of Jiyva.
    60 | D        | Found a roughly hewn altar of Beogh.
    60 | D        | Found an iron altar of Okawaru.
    63 | D        | Became a worshipper of Dithmenos the Shadowed
    67 | D        | Found a stormy altar of Qazlal.
    67 | D        | Found an opulent altar of Gozag.
   280 | D        | Reached skill level 5 in Stealth
   545 | D        | Reached XP level 2. HP: 5/13 MP: 5/7
   549 | D        | Learned a level 2 spell: Ensorcelled Hibernation
   741 | D        | Noticed a worker ant
   742 | D        | Noticed a brain worm
   743 | D        | Reached skill level 1 in Invocations
   745 | D        | Killed a worker ant
   745 | D        | Reached skill level 5 in Dodging
   745 | D        | Reached skill level 6 in Stealth
   745 | D        | Reached XP level 3. HP: 16/16 MP: 7/9
   758 | D        | Killed a brain worm
   758 | D        | Reached skill level 7 in Stealth
   758 | D        | Reached skill level 5 in Spellcasting
   758 | D        | Reached skill level 1 in Ice Magic
   758 | D        | Reached XP level 4. HP: 21/21 MP: 1/12
   763 | D        | Learned a level 3 spell: Confuse
   767 | D        | Learned a level 3 spell: Tukima's Dance
   771 | D        | Learned a level 3 spell: Dazzling Spray
   847 | D        | Noticed a necrophage
   848 | D        | Acquired Dithmenos's first power
   897 | D        | Killed a necrophage
   897 | D        | Reached skill level 5 in Short Blades
   897 | D        | Reached skill level 8 in Stealth
   897 | D        | Reached skill level 1 in Conjurations
   897 | D        | Reached skill level 5 in Hexes
   897 | D        | Reached XP level 5. HP: 9/22 MP: 1/14
  1127 | D        | Noticed an iguana
  1132 | D        | Acquired Dithmenos's second power
  1142 | D        | Noticed a hound
  1142 | D        | Noticed an orc wizard
  1142 | D        | Noticed an orc wizard
  1145 | D        | Killed an orc wizard
  1149 | D        | Noticed a scorpion
  1156 | D        | Killed a hound
  1156 | D        | Reached skill level 9 in Stealth
  1160 | D        | Killed an iguana
  1160 | D        | Acquired Dithmenos's third power
  1160 | D        | Reached XP level 6. HP: 21/26 MP: 10/16
  1179 | D        | Killed a scorpion
  1504 | D        | Killed an orc wizard
  1504 | D        | Acquired Dithmenos's fourth power
  1535 | D        | Noticed a hungry ghost
  1537 | D        | Killed a hungry ghost
  1537 | D        | Reached skill level 10 in Stealth
  1539 | D        | Noticed a komodo dragon
  1541 | D        | Killed a komodo dragon
  1541 | D        | Reached skill level 10 in Dodging
  1541 | D        | Reached skill level 11 in Stealth
  1541 | D        | Reached XP level 7. HP: 30/30 MP: 18/20
  1543 | D        | Noticed a black bear
  1562 | D        | Killed a black bear
  1671 | D        | Noticed a big kobold
  1671 | D        | Noticed a polar bear
  1671 | D        | Noticed a soldier ant
  1678 | D        | Killed a soldier ant
  1678 | D        | Reached skill level 5 in Invocations
  1678 | D        | Reached XP level 8. HP: 34/34 MP: 18/22
  1684 | D        | Killed a big kobold
  1698 | D        | Killed a polar bear
  1698 | D        | Reached skill level 12 in Stealth
  1809 | D        | Noticed an ogre
  1809 | D        | Noticed a spriggan
  1811 | D        | Killed a spriggan
  1815 | D        | Killed an ogre
  1864 | D        | Noticed a small abomination
  1864 | D        | Noticed a small abomination
  1864 | D        | Noticed a redback
  1867 | D        | Killed a small abomination
  1870 | D        | Killed a small abomination
  1875 | D        | Killed a redback
  1875 | D        | Reached skill level 10 in Spellcasting
  2013 | D        | Noticed a spiny frog
  2013 | D        | Noticed an unseen horror
  2013 | D        | Noticed a vampire mosquito
  2013 | D        | Noticed a vampire mosquito
  2013 | D        | Noticed a vampire mosquito
  2013 | D        | Noticed a vampire mosquito
  2028 | D        | Killed a vampire mosquito
  2028 | D        | Reached skill level 13 in Stealth
  2039 | D        | Slain by an unseen horror

Vault maps used:
D:        pitsprint

Action                   |  1- 3 |  4- 6 |  7- 9 || total
-------------------------+-------+-------+-------++-------
Melee: Dagger            |    41 |    39 |    30 ||   110
       Rapier            |       |       |    33 ||    33
 Cast: Corona            |     6 |     1 |       ||     7
       Ensorcelled Hiber |     3 |     9 |     3 ||    15
       Dazzling Spray    |       |     3 |     6 ||     9
       Confuse           |       |     2 |     4 ||     6
Invok: Shadow Step       |       |       |     1 ||     1
 Stab: Sleeping          |     3 |    10 |     5 ||    18
       Invisible         |       |       |     2 ||     2
       Confused          |       |       |     2 ||     2
